 Dungeon Crawl Stone Soup version 0.29-a0-994-gc5c9f59d18 (webtiles) character file.

Game seed: 17015953436342935801

6515 vurker the Slicer (level 11, -5/60 HPs)
             Began as a Vine Stalker Enchanter on Aug 3, 2022.
             Was an Initiate of Makhleb.
             Slain by a death yak (11 damage)
             ... on level 7 of the Dungeon.
             The game lasted 00:14:23 (6667 turns).

vurker the Slicer (Vine Stalker Enchanter)          Turns: 6667, Time: 00:14:24

Health: -5/60      AC: 14    Str: 17    XL:     11   Next: 0%
Magic:  0/15       EV: 12    Int: 15    God:    Makhleb [......]
Gold:   358        SH:  5    Dex: 15    Spells: 14/14 levels left

rFire   + . .      SeeInvis .   a - +2 dagger (venom)
rCold   . . .      Faith    .   d - +0 buckler
rNeg    . . .      Spirit   +   n - +5 robe "Nokil" {+Blink rCorr Str+2}
rPois   +          Reflect  .   (no helmet)
rElec   .          Harm     .   i - +2 cloak
rCorr   +          Rampage  .   u - +0 pair of gloves
Will    +....                   s - +2 pair of boots
Stlth   ++........              (no amulet)
HPRegen 1.00/turn               g - ring of poison resistance
MPRegen 0.14/turn               t - ring of protection from fire

@: no status effects
A: fangs 3, regeneration 1, magic shield, antimagic bite, no potion heal 2
a: Renounce Religion, Evoke Blink


You were on level 7 of the Dungeon.
You worshipped Makhleb.
Makhleb was noncommittal.
You visited 2 branches of the dungeon, and saw 9 of its levels.

You collected 358 gold pieces.

Inventory:

Hand Weapons
 a - a +2 dagger of venom (weapon)
   (You took it off a goblin on level 3 of the Dungeon)
 b - a +2 short sword of draining
   (You took it off an orc on level 5 of the Dungeon)
Armour
 d - a +0 buckler (worn)
   (You took it off a gnoll sergeant on level 7 of the Dungeon)
 i - a +2 cloak (worn)
   (You found it on level 1 of the Dungeon)
 n - the +5 robe "Nokil" (worn) {+Blink rCorr Str+2}
   (You found it on level 3 of the Dungeon)

   Str:       It affects your strength (+2).
   +Blink:    It lets you blink.
   rCorr:     It protects you from acid and corrosion.
 p - a +0 chain mail
   (You took it off an orc warrior on level 8 of the Dungeon)
 s - a +2 pair of boots (worn)
   (You found it on level 4 of the Dungeon)
 u - a +0 pair of gloves (worn)
   (You found it on level 3 of the Dungeon)
Jewellery
 g - a ring of poison resistance (left hand)
   (You found it on level 1 of the Dungeon)
 t - a ring of protection from fire (right hand)
   (You found it on level 5 of the Dungeon)
 v - a ring of protection from cold
   (You found it on level 5 of the Dungeon)
 y - a ring of protection from cold
   (You found it on level 6 of the Dungeon)
Wands
 m - a wand of mindburst (3)
   (You found it on level 7 of the Dungeon)
 x - a wand of acid (24)
   (You found it on level 5 of the Dungeon)
Scrolls
 k - a scroll of enchant armour
 o - 8 scrolls of teleportation
 r - a scroll of vulnerability
 w - a scroll of torment {unknown}
 B - a scroll of magic mapping
Potions
 c - 2 potions of invisibility
 e - 2 potions of haste
 f - a potion of lignification
 h - 5 potions of curing
 j - 2 potions of cancellation
 l - 2 potions of flight
 q - 2 potions of mutation
 z - 2 potions of might {unknown}
 A - 2 potions of ambrosia


   Skills:
 + Level 8.0 Fighting
 * Level 11.4 Short Blades
 + Level 2.3 Armour
 + Level 3.0 Dodging
 - Level 3.6 Stealth
 + Level 2.6 Shields
 - Level 2.1 Spellcasting
 - Level 3.0 Hexes
 + Level 1.5 Invocations


You had 14 spell levels left.
You didn't know any spells.
Your spell library contained the following spells:

 Spells                   Type           Power      Damage    Failure   Level
 Ensorcelled Hibernation  Hex/Ice        12%        N/A       24%         2
 Confusing Touch          Hex            10%        N/A       26%         3
 Tukima's Dance           Hex            10%        N/A       26%         3
 Beastly Appendage        Tmut           2%         N/A       28%         1
 Wereblood                Tmut           1%         N/A       41%         2
 Dazzling Flash           Conj/Hex       12%        N/A       43%         3
 Portal Projectile        Hex/Tloc       12%        N/A       43%         3
 Summon Guardian Golem    Hex/Summ       6%         N/A       43%         3
 Call Canine Familiar     Summ           1%         N/A       65%         3
 Frozen Ramparts          Ice            2%         1d8       65%         3
 Gell's Gravitas          Tloc           1%         N/A       65%         3
 Lesser Beckoning         Tloc           1%         N/A       65%         3
 Spider Form              Tmut/Pois      1%         N/A       65%         3
 Teleport Other           Tloc           1%         N/A       65%         3
 Leda's Liquefaction      Hex/Erth       3%         N/A       83%         4
 Ice Form                 Ice/Tmut       1%         N/A       96%         4
 Summon Ice Beast         Ice/Summ       1%         N/A       96%         4
 Orb of Destruction       Conj           0%         9d5       100%        7
 Spellforged Servitor     Conj/Summ      0%         N/A       100%        7


Dungeon Overview and Level Annotations

Branches:
Dungeon (8/15)             Temple (1/1) D:6            Lair (0/5) D:8

Altars:
Cheibriados
Dithmenos
Elyvilon
Fedhas
Gozag
Hepliaklqana
Kikubaaqudgha
Makhleb
Nemelex Xobeh
Okawaru
Qazlal
Ru
Sif Muna
Trog
Uskayaw
Vehumet
Wu Jian
Yredelemnul
Zin
The Shining One

Shops:
D:3 ?:=((   D:5 (

Annotations:
D:3 2 transporters, stazo's ghost, amateur DsFi
D:7 3 runed translucent doors, t4s4d4r's ghost, novice KoFi


Innate Abilities, Weirdness & Mutations

You have razor-sharp teeth.
Your natural rate of healing is unusually fast.
When hurt, damage is shared between your health and your magic reserves.
Your bite disrupts and absorbs the magic of your enemies.
Potions cannot restore your health.


Message History

Unknown command.
Unknown command.
You see here a +0 short sword.
You see here 4 stones.
A death yak is nearby!
A death yak is nearby!
The death yak gores you but does no damage.
There is an escape hatch in the ceiling, spattered with blood here.
The death yak bellows!
You hear a bellow!
The death yak gores you! A mysterious force pulls you upwards.
The hatch slams shut behind you.
Level annotation: 3 runed translucent doors, t4s4d4r's ghost, novice KoFi You hit the death yak.
The death yak is poisoned.
You bite the death yak, but do no damage.
The death yak gores you!!
You hit the death yak but do no damage.
The death yak looks as sick as possible!
You hit the death yak but do no damage.
The death yak looks as sick as possible!
You bite the death yak, but do no damage.
The death yak gores you!!
* * * LOW HITPOINT WARNING * * *
The death yak attacks as you move away! The death yak gores you.
* * * LOW HITPOINT WARNING * * *
The death yak attacks as you move away! The death yak gores you!
* * * LOW HITPOINT WARNING * * *
You hit the death yak but do no damage.
The death yak looks as sick as possible!
You barely miss the death yak. The death yak gores you!!
* * * LOW HITPOINT WARNING * * *
You hit the death yak but do no damage.
The death yak looks as sick as possible!
Your bite misses the death yak.
The death yak gores you but does no damage.
You barely miss the death yak. You bite the death yak. You drain its power.
You feel invigorated.
You hit the death yak but do no damage.
The death yak looks as sick as possible!
You bite the death yak. You drain its power.
You feel invigorated. The death yak gores you!
* * * LOW HITPOINT WARNING * * *
You hit the death yak but do no damage.
The death yak looks as sick as possible!
You bite the death yak, but do no damage.
You hit the death yak but do no damage. You bite the death yak.
You drain its power.
You feel invigorated. The death yak closely misses you.
You hit the death yak.
The death yak looks as sick as possible!
Your bite misses the death yak. The death yak gores you!
You die...

).###.##.8∩8∩##.##.##.....#
#.#....########.##.##.....#
........# #.##.##.#####
..#....)# #.##.##.#
###....)#######.##.##[#
#....................>#
#.##############...#### #[#
#.### ..# #@# #.# #Y# ..#
#.# ### #.# ######.#
##......## ##........## ###
#....>.....# ..#
#..........#


You could see a death yak (extremely poisoned).

Vanquished Creatures
  A boulder beetle (D:8)
  2 death yaks (D:7)
  A hornet (D:8)
  A wyvern (D:8)
  2 steam dragons
  2 water moccasins
  2 orc warriors
  3 black bears
  2 ice beasts
  3 ogres
  8 centaurs
  3 kobold brigands
  A phantom (D:6)
  2 gnoll sergeants
  A necrophage (D:6)
  5 bullfrogs
  2 scorpions (D:7)
  7 wights (D:8)
  4 howler monkeys
  2 jellies
  A hound (D:4)
  5 orc priests
  4 iguanas
  15 orc wizards
  7 adders
  8 gnolls
  A shadow imp (D:5)
  3 white imps
  An ufetubus (D:5)
  2 worms
  3 dart slugs
  29 orcs
  6 endoplasms (D:1)
  A giant cockroach (D:3)
  6 goblins
  6 hobgoblins
  4 jackals (D:2)
  19 kobolds
  3 quokkas
  7 ball pythons
  6 bats
  3 frilled lizards
  4 rats
198 creatures vanquished.

Vanquished Creatures (others)
  An orc wizard (D:7)
1 creature vanquished.

Grand Total: 199 creatures vanquished

Notes
Turn   | Place    | Note
-------+----------+-------------------------------------------
     0 | D:1      | vurker the Vine Stalker Enchanter began the quest for the
                  | Orb.
     0 | D:1      | Reached XP level 1. HP: 9/9 MP: 4/4
    21 | D:1      | Reached skill level 1 in Short Blades
    59 | D:1      | Reached XP level 2. HP: 10/14 MP: 3/6
   506 | D:1      | Reached skill level 1 in Fighting
   506 | D:1      | Reached skill level 2 in Short Blades
   785 | D:2      | Found a blossoming altar of Fedhas.
   793 | D:2      | Reached XP level 3. HP: 18/18 MP: 7/7
  1642 | D:2      | Gained mutation: Your natural rate of healing is unusually
                  | fast. [Vine Stalker growth]
  1642 | D:2      | Reached XP level 4. HP: 18/22 MP: 8/8
  1729 | D:3      | Found Xotiucaq's Book Emporium.
  1738 | D:3      | Identified the +5 robe "Nokil" {+Blink rCorr Str+2}
  1776 | D:3      | Found Voit's Weapon Boutique.
  1881 | D:3      | Reached skill level 3 in Short Blades
  2119 | D:3      | Found Ojerph's Magic Scroll Shop.
  2121 | D:3      | Found Akeiw's Jewellery Shoppe.
  2192 | D:3      | Found Saonaa's Weapon Shoppe.
  2320 | D:3      | Noticed an ogre
  2323 | D:3      | Noticed stazo's ghost (amateur DsFi)
  2323 | D:3      | Noticed an ogre
  2325 | D:3      | Found a transporter.
  2329 | D:3      | Found a transporter.
  2478 | D:4      | Found a snail-covered altar of Cheibriados.
  2527 | D:4      | Reached XP level 5. HP: 26/26 MP: 7/9
  3027 | D:5      | Entered Level 5 of the Dungeon
  3060 | D:5      | Noticed an ogre
  3076 | D:5      | Killed an ogre
  3077 | D:5      | Reached skill level 4 in Short Blades
  3077 | D:5      | Reached XP level 6. HP: 27/32 MP: 10/10
  3146 | D:5      | Found Jobriug's Weapon Shoppe.
  3212 | D:5      | Reached skill level 5 in Short Blades
  3288 | D:5      | Reached XP level 7. HP: 36/36 MP: 11/11
  3388 | D:5      | Noticed a steam dragon
  3398 | D:5      | Killed a steam dragon
  3838 | D:6      | Found a staircase to the Ecumenical Temple.
  3846 | D:6      | Reached skill level 6 in Short Blades
  3917 | Temple   | Entered the Ecumenical Temple
  3917 | Temple   | Found a transporter.
  3917 | Temple   | Found a transporter.
  3919 | Temple   | Found a transporter.
  3919 | Temple   | Found a transporter.
  4002 | D:6      | Gained mutation: You have razor-sharp teeth. [Vine Stalker
                  | growth]
  4002 | D:6      | Reached XP level 8. HP: 38/42 MP: 12/12
  4104 | D:5      | Reached skill level 7 in Short Blades
  4223 | D:6      | Reached skill level 5 in Fighting
  4403 | D:6      | Reached skill level 8 in Short Blades
  4613 | D:7      | Found a runed translucent gate.
  4614 | D:7      | Found a runed translucent gate.
  4615 | D:7      | Found a runed translucent gate.
  4615 | D:7      | Found an opulent altar of Gozag.
  4616 | D:7      | Noticed a troll
  4616 | D:7      | Noticed t4s4d4r's ghost (novice KoFi)
  4617 | D:7      | Noticed a cyclops
  4627 | D:7      | Reached XP level 9. HP: 43/48 MP: 13/13
  4765 | D:7      | Reached skill level 9 in Short Blades
  5279 | D:8      | Reached skill level 10 in Short Blades
  5387 | D:8      | Noticed a hornet
  5396 | D:8      | Reached XP level 10. HP: 44/55 MP: 14/14
  5545 | D:8      | Noticed a death yak
  5545 | D:8      | Noticed a death yak
  5545 | D:8      | Noticed a death yak
  5548 | D:8      | Noticed a death yak
  5549 | D:8      | Noticed a death yak
  5550 | D:8      | Noticed a boulder beetle
  5550 | D:8      | Noticed a death yak
  5759 | D:8      | Found a staircase to the Lair.
  5812 | D:8      | Reached skill level 1 in Shields
  5847 | D:8      | Killed a boulder beetle
  5848 | D:8      | Reached skill level 11 in Short Blades
  5848 | D:8      | Reached skill level 1 in Armour
  6158 | D:8      | Found a sparkling altar of Nemelex Xobeh.
  6158 | D:8      | Found a burning altar of Makhleb.
  6162 | D:8      | Found a sacrificial altar of Ru.
  6163 | D:8      | Found a white marble altar of Elyvilon.
  6164 | D:8      | Found an iron altar of Okawaru.
  6165 | D:8      | Became a worshipper of Makhleb the Destroyer
  6167 | D:8      | Found an ornate altar of the Wu Jian Council.
  6167 | D:8      | Found an opulent altar of Gozag.
  6169 | D:8      | Found a radiant altar of Vehumet.
  6173 | D:8      | Found a stormy altar of Qazlal.
  6315 | D:8      | Noticed a death yak
  6334 | D:7      | HP: 1/49 [death yak (7)]
  6337 | D:7      | Killed a death yak
  6338 | D:7      | Reached skill level 1 in Invocations
  6520 | D:7      | Killed a death yak
  6521 | D:7      | Reached XP level 11. HP: 39/60 MP: 12/15
  6667 | D:7      | Slain by a death yak

Illustrated notes

Levels and vault maps discovered:
D:1:      minmay_arrival_five_plusses, layout_rooms
D:2:      layout_loops_ring, basic_altar, nrook_mini_vaults,
          minmay_stone_trees_small
D:3:      layout_loops_ring, gammafunk_ghost_smash, serial_shops, shop, shop,
          shop, nicolae_shop_bloodbath_and_beyond, nicolae_square_shop
D:4:      layout_basic, kennysheep_mini_moat
D:5:      layout_basic, serial_shops, shop, nrook_campfire
D:6:      layout_rooms, minmay_temple_entry_offerings, minmay_misc_feat_cross,
          bh_walls_and_bars
D:7:      minmay_flawed_box, layout_rooms, ebering_ghost_gozag
D:8:      layout_basic, nicolae_overflow_hallway_of_the_gods,
          dpeg_lair_monsters, minmay_starry_boxes
Temple:   hellmonk_temple_divided_pantheon

Skill      XL: |  1  2  3  4  5  6  7  8  9 10 |
---------------+-------------------------------+-----
Short Blades   | 1 2 3 4 5 6 8 10 11 | 11.4
Fighting       | 1 2 3 4 5 7 8 |  8.0
Shields        | 2 |  2.6
Armour         | 2 |  2.3
Dodging        | 3 |  3.0
Invocations    | 1 |  1.5
Stealth        | |  3.6
Spellcasting   | |  2.1
Hexes          | |  3.0

Action                   |  1- 3 |  4- 6 |  7- 9 | 10-12 || total
-------------------------+-------+-------+-------+-------++-------
Melee: Dagger            |   141 |    92 |   379 |   256 ||   868
       Bite              |    25 |    26 |   134 |   104 ||   289
       Punch             |     2 |     1 |     4 |       ||     7
       Short sword       |       |       |       |     3 ||     3
Evoke: Wand              |       |       |     2 |     6 ||     8
  Use: Scroll            |     5 |     1 |    15 |       ||    21
 Stab: Sleeping          |     7 |    11 |     9 |       ||    27
       Distracted        |       |     1 |     1 |     1 ||     3
Armor: Robe              |    30 |    27 |   156 |    66 ||   279
Dodge: Dodged            |    98 |    53 |   172 |    90 ||   413
Block: Buckler           |       |       |       |    20 ||    20

Table legend: (Time is in decaauts)
 A = Elapsed time spent in this place.
 B = Non-inter-level travel time spent in this place.
 C = Inter-level travel time spent in this place.
 D = Time resting spent in this place.
 E = Time spent auto-exploring this place.
 F = Levels seen in this place.
 G = Mean time per level.
                   A        B        C        D        E       F      G
               +--------+--------+--------+--------+--------+-----+--------+
         Total |   6365 |   5862 |    503 |     61 |   4127 |   9 |  707.2 |
       Dungeon |   6335 |   5841 |    494 |     61 |   4127 |   8 |  791.9 |
        Temple |     30 |     21 |      9 |      0 |      0 |   1 |   30.0 |
               +--------+--------+--------+--------+--------+-----+--------+

Top non-repeatable levels by time:
     D:8: 1194 daAuts
     D:2: 923 daAuts
     D:5: 888 daAuts
     D:1: 777 daAuts
     D:7: 746 daAuts
     D:3: 743 daAuts
     D:4: 559 daAuts
     D:6: 501 daAuts
  Temple: 30 daAuts
